 Dungeon Crawl Stone Soup version 0.25.1-2-g60ff931df9 (webtiles) character file.

Game seed: 15695933250566718364

574 Delamore the Cudgeler (level 7, -2/44 HPs)
             Began as a Gargoyle Fighter on Oct 5, 2020.
             Slain by Prince Ribbit (9 damage)
             ... on level 5 of the Dungeon.
             The game lasted 00:03:29 (4479 turns).

Delamore the Cudgeler (Gargoyle Fighter)            Turns: 4479, Time: 00:03:29

Health: -2/44      AC: 12    Str: 21    XL:     7   Next: 34%
Magic:  7/7        EV:  7    Int:  9    God:
Gold:   193        SH:  9    Dex:  9    Spells: 6/6 levels left

rFire    . . .     SeeInvis .   a - +0 flail
rCold    . . .     Gourm    .   c - +0 kite shield
rNeg     + . .     Faith    .   b - +0 scale mail
rPois    ∞         Spirit   .   (no helmet)
rElec    +         Reflect  .   g - +0 cloak
rCorr    .         Harm     .   (no gloves)
MR       +....                  (no boots)
Stlth    ..........             (no amulet)
HPRegen  0.14/turn              k - ring of flight
MPRegen  0.10/turn              m - ring of protection from magic

@: no status effects
A: negative energy resistance 1, electricity resistance, unbreathing,
petrification resistance, rot immunity, AC +4
a: Evoke Flight


You were on level 5 of the Dungeon.
You were very hungry.

You visited 2 branches of the dungeon, and saw 6 of its levels.

You collected 193 gold pieces.

Inventory:

Hand Weapons
 a - a +0 flail (weapon)
Missiles
 r - a throwing net (quivered)
Armour
 b - a +0 scale mail (worn)
 c - a +0 kite shield (worn)
 g - a +0 cloak (worn)
Jewellery
 k - a ring of flight (left hand)
 m - a ring of protection from magic (right hand)
Scrolls
 h - a scroll of identify {unknown}
 j - 2 scrolls of amnesia {unknown}
 l - 2 scrolls of remove curse {unknown}
 n - 2 scrolls of teleportation {unknown}
 o - a scroll of immolation {unknown}
Potions
 d - 2 potions of might
 e - a potion of curing {unknown}
 i - 2 potions of degeneration {unknown}
 p - 2 potions of heal wounds
Comestibles
 f - 4 rations


   Skills:
 - Level 5.0 Fighting
 + Level 6.2 Maces & Flails
 - Level 3.2 Armour
 - Level 5.0 Shields


You had 6 spell levels left.
You didn't know any spells.
Your spell library was empty.

Dungeon Overview and Level Annotations

Branches:
Dungeon (5/15)             Temple (1/1) D:4

Altars:
Ashenzari
Cheibriados
Dithmenos
Fedhas
Gozag
Hepliaklqana
Nemelex Xobeh
Qazlal
Sif Muna
Trog
Uskayaw
Vehumet
Wu Jian
Xom
Yredelemnul
Zin
The Shining One

Annotations:
D:5 Prince Ribbit


Innate Abilities, Weirdness & Mutations

You are resistant to torment.
Your stone body is resilient. (AC +4)
You are immune to poison.
You resist negative energy. (rN+)
You are resistant to electric shocks. (rElec)
You can survive without breathing.
You are immune to petrification.
You are immune to rotting.


Message History

Prince Ribbit is lightly wounded.
Prince Ribbit hits you!
Prince Ribbit catches a baby bat with his tongue.
Prince Ribbit blinks!
Your shield and scale mail prevent you from hitting Prince Ribbit.
Prince Ribbit is lightly wounded.
Prince Ribbit hops awkwardly around.
Prince Ribbit hits you but does no damage.
Prince Ribbit hits you.
* * * LOW HITPOINT WARNING * * *
You closely miss Prince Ribbit.
Prince Ribbit is lightly wounded.
Prince Ribbit hits you but does no damage.
Prince Ribbit hits you.
* * * LOW HITPOINT WARNING * * *
You closely miss Prince Ribbit.
Prince Ribbit is lightly wounded.
Prince Ribbit hits you but does no damage.
Prince Ribbit blinks!
Prince Ribbit hits you!
You die...

. .... #.#... .#..#
...# ##..# ###
#...## ..#
#.##..§.# #.#
#.......######.##
##..##.@F[(.##..# #
#.#.##.....#
#...#####..########
##..# #.........#
#.<# #.........#
#.## #......$..#
### #..(......#
#....###### #..††#


You could see Prince Ribbit.

Vanquished Creatures
  Sigmund (D:5)
  A centaur (D:5)
  A bullfrog zombie (D:5)
  A hound (D:4)
  Crazy Yiuf (D:3)
  2 worker ants
  7 gnolls (D:4)
  3 adders
  An adder skeleton (D:4)
  2 worms
  3 dart slugs
  4 leopard geckos
  6 orcs
  A giant cockroach (D:3)
  7 goblins
  6 hobgoblins
  7 jackals
  3 ball pythons (D:1)
  7 bats
  4 frilled lizards
  6 kobolds
  A quokka skeleton (D:4)
  10 rats
  2 fungi (D:3)
87 creatures vanquished.

Notes
Turn   | Place    | Note
-------+----------+-------------------------------------------
     0 | D:1      | Delamore the Gargoyle Fighter began the quest for the Orb.
     0 | D:1      | Reached XP level 1. HP: 14/14 MP: 1/1
    63 | D:1      | Reached XP level 2. HP: 7/19 MP: 2/2
   658 | D:1      | Reached XP level 3. HP: 24/24 MP: 3/3
  1135 | D:2      | Found a snail-covered altar of Cheibriados.
  1245 | D:2      | Found a stormy altar of Qazlal.
  1689 | D:2      | Noticed an angel
  1690 | D:2      | Found a glowing silver altar of Zin.
  1977 | D:3      | Reached XP level 4. HP: 23/29 MP: 4/4
  2006 | D:3      | Reached skill level 3 in Maces & Flails
  2418 | D:3      | Found an opulent altar of Gozag.
  2625 | D:3      | Found a runed translucent door.
  2626 | D:3      | Noticed Crazy Yiuf
  2634 | D:3      | Killed Crazy Yiuf
  2634 | D:3      | Reached XP level 5. HP: 34/34 MP: 5/5
  2786 | D:4      | Found a staircase to the Ecumenical Temple.
  2836 | Temple   | Entered the Ecumenical Temple
  2965 | D:4      | Reached XP level 6. HP: 19/40 MP: 6/6
  3498 | D:4      | Reached skill level 5 in Fighting
  3498 | D:4      | Reached skill level 4 in Maces & Flails
  3498 | D:4      | Reached skill level 5 in Shields
  3599 | D:5      | Entered Level 5 of the Dungeon
  3619 | D:5      | Noticed Sigmund
  3782 | D:5      | Killed Sigmund
  3782 | D:5      | Reached skill level 5 in Maces & Flails
  3782 | D:5      | Reached XP level 7. HP: 27/44 MP: 7/7
  3794 | D:5      | Reached skill level 6 in Maces & Flails
  3822 | D:5      | Noticed Prince Ribbit
  4479 | D:5      | Slain by Prince Ribbit

Illustrated notes

Levels and vault maps discovered:
D:1:      dpeg_arrival_rooms_b, layout_loops_ring, minmay_tiny_reverse_x
D:2:      layout_basic, zin_angel, lemuel_doored_altar, grunt_qazlal_clouds,
          minmay_hedge_maze
D:3:      layout_rooms, lemuel_round_altar, first_ration,
          uniq_crazy_yiuf_cottage
D:4:      layout_basic, minmay_temple_entry_wispy, minmay_misc_feat_five
D:5:      layout_rooms, kennysheep_mini, makhleb_blood_cavern_becter,
          st_stairs_4, uniq_sigmund, uniq_prince_ribbit1
Temple:   cyrus_circular_temple

Skill      XL: |  1  2  3  4  5  6  7 |
---------------+----------------------+-----
Fighting       | 4 5 |  5.0
Shields        | 4 5 |  5.0
Maces & Flails | 3 5 6 |  6.2
Armour         | |  3.2

Action                   |  1- 3 |  4- 6 |  7- 9 || total
-------------------------+-------+-------+-------++-------
Melee: Flail             |   144 |   208 |    35 ||   387
  Eat: Chunk             |     2 |     8 |     1 ||    11
Armor: Scale mail        |   190 |   137 |    16 ||   343
Dodge: Dodged            |   137 |   101 |    11 ||   249
Block: Kite shield       |   154 |   131 |    14 ||   299
